| TOP OF THE 1ST |
|
Syracuse Chiefs batting - Pitching for Lehigh Valley IronPigs : RHP Nick Turner
|
|
Pitching: RHP Nick Turner
|
|
|
Batting: RHB Dusty Ballard
|
0-0: Ball 1-0: Foul Ball, location: 2F 1-1: Foul Ball, location: 2F 1-2: SINGLE (Line Drive, 8LS, EV 107.5 MPH)
|
|
Batting: RHB Hisayuki Akiyama
|
0-0: Called Strike Dusty Ballard steals 2nd base 0-1: Ball 1-1: Ground out 2-3 (Groundball, 2L, EV 76.9 MPH) Dusty Ballard to third
|
|
Batting: LHB Tim Olsen
|
0-0: Swinging Strike 0-1: Fly out, F9 (Flyball, 9LMF, EV 91.2 MPH)
|
|
Batting: LHB Jae-ik Soung
|
0-0: Foul Ball, location: 2F 0-1: Ball 1-1: Called Strike 1-2: Ball 2-2: Ball 3-2: Base on Balls
|
|
Batting: RHB Antonio Laurel
|
0-0: Ball 1-0: Called Strike 1-1: Ball 2-1: Foul Ball, location: 2F 2-2: Ball 3-2: Foul Ball, location: 2F 3-2: Foul Ball, location: 2F 3-2: SINGLE (Groundball, 4MD, EV 93.8 MPH) Dusty Ballard scores Jae-ik Soung to second Jae-ik Soung to third
|
|
Batting: LHB Alexis Cantu
|
0-0: Ball 1-0: Ball 2-0: SINGLE (Groundball, 6M, EV 102.5 MPH) (infield hit) Jae-ik Soung scores Antonio Laurel to second
|
|
Batting: LHB Doug Anderson
|
0-0: Called Strike 0-1: Foul Ball, location: 2F 0-2: Ball 1-2: Ball 2-2: Ball 3-2: Strikes out swinging
|
| Top of the 1st over - 2 runs, 3 hits, 0 errors, 2 left on base; Syracuse 2 - Lehigh Valley 0 |
| BOTTOM OF THE 1ST |
|
Lehigh Valley IronPigs batting - Pitching for Syracuse Chiefs : RHP Jason Cheek
|
|
Pitching: RHP Jason Cheek
|
|
|
Batting: LHB Chris Moody
|
0-0: Ball 1-0: Foul Ball, location: 2F 1-1: Ball 2-1: Ball 3-1: Foul Ball, location: 2F 3-2: SINGLE (Line Drive, 56D, EV 97.5 MPH)
|
|
Batting: RHB Francisco Viera
|
0-0: Ball 1-0: Ball 2-0: Called Strike 2-1: Ball 3-1: Foul Ball, location: 2F 3-2: SINGLE (Groundball, 6D, EV 98.1 MPH) Chris Moody to second
|
|
Batting: RHB Melchor Sovrivilla
|
0-0: Fielders Choice at 2nd, 5-4 (Groundball, 56, EV 90.6 MPH) Chris Moody to third
|
|
Batting: RHB Jose Leon
|
0-0: Foul Ball, location: 2F 0-1: Ball 1-1: Called Strike Melchor Sovrivilla is caught stealing 2nd base 2-4 1-2: Ground out 6-3 (Groundball, P, EV 80.0 MPH)
|
| Bottom of the 1st over - 0 runs, 2 hits, 0 errors, 1 left on base; Syracuse 2 - Lehigh Valley 0 |
| TOP OF THE 2ND |
|
Syracuse Chiefs batting - Pitching for Lehigh Valley IronPigs : RHP Nick Turner
|
|
Batting: RHB Willie de los Santos
|
0-0: Ball 1-0: Called Strike 1-1: Fly out, F7 (Line Drive, 7S, EV 95.0 MPH)
|
|
Batting: LHB Evan Oliveri
|
0-0: Foul Ball, location: 2F 0-1: Reached on error, E4 (Groundball, 4S, EV 83.8 MPH)
|
|
Batting: RHB Dusty Ballard
|
0-0: Ball 1-0: Called Strike 1-1: Foul Ball, location: 2F 1-2: Fly out, F3 (Popup, 3SF, EV 78.8 MPH)
|
|
Batting: RHB Hisayuki Akiyama
|
0-0: Ball Evan Oliveri steals 2nd base 1-0: Swinging Strike 1-1: Foul Ball, location: 2F 1-2: Foul Ball, location: 2F 1-2: Ball 2-2: Strikes out swinging
|
| Top of the 2nd over - 0 runs, 0 hits, 1 error, 1 left on base; Syracuse 2 - Lehigh Valley 0 |
| BOTTOM OF THE 2ND |
|
Lehigh Valley IronPigs batting - Pitching for Syracuse Chiefs : RHP Jason Cheek
|
|
Batting: LHB Danny Hill
|
0-0: Swinging Strike 0-1: Fly out, F7 (Line Drive, 7S, EV 96.2 MPH)
|
|
Batting: SHB Josh Schultze
|
0-0: Ball 1-0: Ground out 4-3 (Groundball, 4, EV 76.9 MPH)
|
|
Batting: SHB Kaname Fujimoto
|
0-0: Called Strike 0-1: Swinging Strike 0-2: Fly out, F8 (Flyball, 78M, EV 85.6 MPH)
|
| Bottom of the 2nd over - 0 runs, 0 hits, 0 errors, 0 left on base; Syracuse 2 - Lehigh Valley 0 |
| TOP OF THE 3RD |
|
Syracuse Chiefs batting - Pitching for Lehigh Valley IronPigs : RHP Nick Turner
|
|
Batting: LHB Tim Olsen
|
0-0: Called Strike 0-1: SINGLE (Flyball, 89S, EV 92.5 MPH)
|
|
Batting: LHB Jae-ik Soung
|
0-0: Called Strike 0-1: Fielders Choice at 2nd, 5-4 (Groundball, 56, EV 83.1 MPH)
|
|
Batting: RHB Antonio Laurel
|
0-0: Ball 1-0: Fly out, F7 (Flyball, 7D, EV 103.1 MPH)
|
|
Batting: LHB Alexis Cantu
|
0-0: Ground out 4-3 (Groundball, 34S, EV 86.9 MPH)
|
| Top of the 3rd over - 0 runs, 1 hit, 0 errors, 1 left on base; Syracuse 2 - Lehigh Valley 0 |
| BOTTOM OF THE 3RD |
|
Lehigh Valley IronPigs batting - Pitching for Syracuse Chiefs : RHP Jason Cheek
|
|
Batting: LHB Tom Edwards
|
0-0: Ball 1-0: Foul Ball, location: 2F 1-1: Ball 2-1: Called Strike 2-2: Ball 3-2: Foul Ball, location: 2F 3-2: Ground out 6-3 (Groundball, 4M, EV 101.2 MPH)
|
|
Batting: LHB Pat Shaddock
|
0-0: Ball 1-0: Swinging Strike 1-1: Foul Ball, location: 2F 1-2: Ground out 6-3 (Groundball, 6, EV 85.0 MPH)
|
|
Batting: LHB Chris Moody
|
0-0: Called Strike 0-1: Swinging Strike 0-2: SINGLE (Line Drive, 78M, EV 88.1 MPH)
|
|
Batting: RHB Francisco Viera
|
0-0: Ball 1-0: Called Strike 1-1: Foul Ball, location: 2F 1-2: Ball 2-2: Ground out 4-3 (Groundball, 4, EV 82.5 MPH)
|
| Bottom of the 3rd over - 0 runs, 1 hit, 0 errors, 1 left on base; Syracuse 2 - Lehigh Valley 0 |
| TOP OF THE 4TH |
|
Syracuse Chiefs batting - Pitching for Lehigh Valley IronPigs : RHP Nick Turner
|
|
Batting: LHB Doug Anderson
|
0-0: Swinging Strike 0-1: Fly out, F7 (Flyball, 7, EV 81.2 MPH)
|
|
Batting: RHB Willie de los Santos
|
0-0: Foul Ball, location: 2F 0-1: Foul Ball, location: 2F 0-2: SINGLE (Flyball, 8RS, EV 92.5 MPH)
|
|
Batting: LHB Evan Oliveri
|
0-0: Ball 1-0: Called Strike 1-1: Fly out, F8 (Flyball, 8RD, EV 104.4 MPH)
|
|
Batting: RHB Dusty Ballard
|
0-0: Ball 1-0: Foul Ball, location: 2F 1-1: Foul Ball, location: 2F 1-2: Strikes out swinging
|
| Top of the 4th over - 0 runs, 1 hit, 0 errors, 1 left on base; Syracuse 2 - Lehigh Valley 0 |
| BOTTOM OF THE 4TH |
|
Lehigh Valley IronPigs batting - Pitching for Syracuse Chiefs : RHP Jason Cheek
|
|
Batting: RHB Melchor Sovrivilla
|
0-0: Ball 1-0: Called Strike 1-1: Called Strike 1-2: Strikes out swinging
|
|
Batting: RHB Jose Leon
|
0-0: Swinging Strike 0-1: Ball 1-1: Ball 2-1: Called Strike 2-2: Foul Ball, location: 2F 2-2: Ground out 5-3 (Groundball, 56, EV 86.9 MPH)
|
|
Batting: LHB Danny Hill
|
0-0: Ball 1-0: Called Strike 1-1: Foul Ball, location: 2F 1-2: Ball 2-2: Ball 3-2: Foul Ball, location: 2F 3-2: Strikes out looking
|
| Bottom of the 4th over - 0 runs, 0 hits, 0 errors, 0 left on base; Syracuse 2 - Lehigh Valley 0 |
| TOP OF THE 5TH |
|
Syracuse Chiefs batting - Pitching for Lehigh Valley IronPigs : RHP Nick Turner
|
|
Batting: RHB Hisayuki Akiyama
|
0-0: Called Strike 0-1: Ball 1-1: Swinging Strike 1-2: Strikes out looking
|
|
Batting: LHB Tim Olsen
|
0-0: Called Strike 0-1: Foul Ball, location: 2F 0-2: Ball 1-2: Ball 2-2: Ball 3-2: Hit by Pitch
|
|
Batting: LHB Jae-ik Soung
|
0-0: Called Strike 0-1: Ball 1-1: Swinging Strike 1-2: Ball 2-2: Ball 3-2: Fly out, F8 (Flyball, 8RD, EV 88.1 MPH)
|
|
Batting: RHB Antonio Laurel
|
0-0: Ball 1-0: Fielders Choice at 2nd, 6-4 (Groundball, 6, EV 86.9 MPH)
|
| Top of the 5th over - 0 runs, 0 hits, 0 errors, 1 left on base; Syracuse 2 - Lehigh Valley 0 |
| BOTTOM OF THE 5TH |
|
Lehigh Valley IronPigs batting - Pitching for Syracuse Chiefs : RHP Jason Cheek
|
|
Batting: SHB Josh Schultze
|
0-0: Called Strike 0-1: Ball 1-1: Called Strike 1-2: Strikes out swinging
|
|
Batting: SHB Kaname Fujimoto
|
0-0: Ball 1-0: Ball 2-0: Called Strike 2-1: Called Strike 2-2: Ball 3-2: Foul Ball, location: 2F 3-2: DOUBLE (Groundball, 5L, EV 101.2 MPH)
|
|
Batting: LHB Tom Edwards
|
0-0: Ball 1-0: Ground out 6-3 (Groundball, 4M, EV 90.0 MPH) Kaname Fujimoto to third
|
|
Batting: LHB Pat Shaddock
|
0-0: Ball 1-0: Ground out 4-3 (Groundball, 34D, EV 80.6 MPH)
|
| Bottom of the 5th over - 0 runs, 1 hit, 0 errors, 1 left on base; Syracuse 2 - Lehigh Valley 0 |
| TOP OF THE 6TH |
|
Syracuse Chiefs batting - Pitching for Lehigh Valley IronPigs : RHP Nick Turner
|
|
Batting: LHB Alexis Cantu
|
0-0: Called Strike 0-1: Ball 1-1: Foul Ball, location: 2F 1-2: Fly out, F7 (Flyball, 7S, EV 86.9 MPH)
|
|
Batting: LHB Doug Anderson
|
0-0: Called Strike 0-1: Foul Ball, location: 2F 0-2: Foul Ball, location: 2F 0-2: Ball 1-2: Ball 2-2: Strikes out swinging
|
|
Batting: RHB Willie de los Santos
|
0-0: Swinging Strike 0-1: Swinging Strike 0-2: Strikes out swinging
|
| Top of the 6th over - 0 runs, 0 hits, 0 errors, 0 left on base; Syracuse 2 - Lehigh Valley 0 |
| BOTTOM OF THE 6TH |
|
Lehigh Valley IronPigs batting - Pitching for Syracuse Chiefs : RHP Jason Cheek
|
|
Batting: LHB Chris Moody
|
0-0: Called Strike 0-1: Ball 1-1: Ball 2-1: Ball 3-1: Base on Balls
|
|
Batting: RHB Francisco Viera
|
0-0: Foul Ball, location: 2F 0-1: Foul Ball, location: 2F 0-2: Foul Ball, location: 2F 0-2: Fielders Choice at 2nd, 6-4 (Groundball, 6, EV 90.6 MPH)
|
|
Batting: RHB Melchor Sovrivilla
|
0-0: Ball 1-0: Ball 2-0: Ball 3-0: Called Strike 3-1: Base on Balls Francisco Viera to second
|
|
Batting: RHB Jose Leon
|
0-0: Ball 1-0: Foul Ball, location: 2F 1-1: Swinging Strike 1-2: Ball 2-2: Strikes out swinging
|
|
Batting: LHB Danny Hill
|
0-0: Ball 1-0: Called Strike 1-1: Fly out, F7 (Flyball, 78M, EV 93.1 MPH)
|
| Bottom of the 6th over - 0 runs, 0 hits, 0 errors, 2 left on base; Syracuse 2 - Lehigh Valley 0 |
| TOP OF THE 7TH |
|
Syracuse Chiefs batting - Pitching for Lehigh Valley IronPigs : RHP Nick Turner
|
|
Batting: LHB Evan Oliveri
|
0-0: Foul Ball, location: 2F 0-1: Called Strike 0-2: Ball 1-2: Ground out 6-3 (Groundball, 6, EV 105.6 MPH)
|
|
Batting: RHB Dusty Ballard
|
0-0: Ball 1-0: Called Strike 1-1: Called Strike 1-2: Ball 2-2: Strikes out swinging
|
|
Batting: RHB Hisayuki Akiyama
|
0-0: Foul Ball, location: 2F 0-1: Foul Ball, location: 2F 0-2: Strikes out looking
|
| Top of the 7th over - 0 runs, 0 hits, 0 errors, 0 left on base; Syracuse 2 - Lehigh Valley 0 |
| BOTTOM OF THE 7TH |
|
Lehigh Valley IronPigs batting - Pitching for Syracuse Chiefs : RHP Jason Cheek
|
|
Batting: SHB Josh Schultze
|
0-0: Ball 1-0: Fly out, F7 (Line Drive, 78M, EV 98.8 MPH)
|
|
Batting: SHB Kaname Fujimoto
|
0-0: Reached on error, E3 (Groundball, 3S, EV 85.6 MPH)
|
|
Batting: LHB Tom Edwards
|
0-0: Foul Ball, location: 2F 0-1: Swinging Strike 0-2: Fly out, F8 (Flyball, 8RD, EV 109.4 MPH)
|
|
Batting: LHB Pat Shaddock
|
0-0: Foul Ball, location: 2F 0-1: Foul Ball, location: 2F 0-2: Ball 1-2: Ball 2-2: Ball 3-2: Foul Ball, location: 2F 3-2: Base on Balls Kaname Fujimoto to second
|
|
Batting: LHB Chris Moody
|
0-0: Ball 1-0: Foul Ball, location: 2F 1-1: Ball 2-1: Ball 3-1: Base on Balls Kaname Fujimoto to third Pat Shaddock to second
|
|
Pitching: RHP Aaron McKinney
|
|
|
Batting: RHB Francisco Viera
|
0-0: Swinging Strike 0-1: Ball 1-1: Swinging Strike 1-2: Ball 2-2: Strikes out looking
|
| Bottom of the 7th over - 0 runs, 0 hits, 1 error, 3 left on base; Syracuse 2 - Lehigh Valley 0 |
| TOP OF THE 8TH |
|
Syracuse Chiefs batting - Pitching for Lehigh Valley IronPigs : RHP Nick Turner
|
|
Pitching: LHP Brian Wildrick
|
|
|
Batting: LHB Tim Olsen
|
0-0: Ball 1-0: Ball 2-0: SINGLE (Line Drive, 3D, EV 106.2 MPH)
|
|
Batting: LHB Jae-ik Soung
|
0-0: Ball Tim Olsen is caught stealing 2nd base 2-6 1-0: Ball 2-0: Foul Ball, location: 2F 2-1: Swinging Strike 2-2: Fly out, F7 (Flyball, 7LSF, EV 88.1 MPH)
|
|
Pitching: RHP Victor Castillo
|
|
|
Batting: RHB Antonio Laurel
|
0-0: Ball 1-0: Ball 2-0: Ball 3-0: Base on Balls
|
|
Batting: LHB Alexis Cantu
|
0-0: Called Strike 0-1: Foul Ball, location: 2F 0-2: Ball 1-2: DOUBLE (Flyball, 78XD, EV 110.0 MPH) Antonio Laurel to third Runner from 3rd tries for Home, SAFE, no throw by CF
|
|
Batting: LHB Doug Anderson
|
0-0: Foul Ball, location: 2F 0-1: Ball 1-1: Ball 2-1: Ground out 6-3 (Groundball, 6, EV 78.1 MPH)
|
| Top of the 8th over - 1 run, 2 hits, 0 errors, 1 left on base; Syracuse 3 - Lehigh Valley 0 |
| BOTTOM OF THE 8TH |
|
Lehigh Valley IronPigs batting - Pitching for Syracuse Chiefs : RHP Aaron McKinney
|
|
Batting: RHB Melchor Sovrivilla
|
0-0: Ball 1-0: Ball 2-0: Called Strike 2-1: Swinging Strike 2-2: Ball 3-2: Ground out 3-1 (Groundball, 34, EV 85.0 MPH)
|
|
Batting: RHB Jose Leon
|
0-0: Ball 1-0: Ball 2-0: Ball 3-0: Base on Balls
|
|
Batting: LHB Danny Hill
|
0-0: SINGLE (Line Drive, 89S, EV 106.2 MPH) Jose Leon to second
|
|
Batting: SHB Josh Schultze
|
0-0: Ball 1-0: Foul Ball, location: 2F 1-1: Ball 2-1: Called Strike 2-2: Strikes out swinging
|
|
Batting: SHB Kaname Fujimoto
|
0-0: Ball 1-0: Foul Ball, location: 2F 1-1: Ground out 5-3 (Groundball, 5S, EV 87.5 MPH)
|
| Bottom of the 8th over - 0 runs, 1 hit, 0 errors, 2 left on base; Syracuse 3 - Lehigh Valley 0 |
| TOP OF THE 9TH |
|
Syracuse Chiefs batting - Pitching for Lehigh Valley IronPigs : RHP Victor Castillo
|
|
Pitching: RHP Victor Hurtado
|
|
|
Batting: RHB Willie de los Santos
|
0-0: Ball 1-0: Swinging Strike 1-1: Swinging Strike 1-2: Ball 2-2: Ball 3-2: Base on Balls
|
|
Batting: LHB Evan Oliveri
|
0-0: Bunt missed! 0-1: Bunted foul 0-2: Strikes out swinging
|
|
Batting: RHB Dusty Ballard
|
0-0: Ball Willie de los Santos is caught stealing 2nd base 2-4 1-0: Ball 2-0: Foul Ball, location: 2F 2-1: Ball 3-1: Base on Balls
|
|
Batting: RHB Hisayuki Akiyama
|
0-0: Called Strike Dusty Ballard steals 2nd base 0-1: Foul Ball, location: 2F 0-2: Ball 1-2: Ground out 1-3 (Groundball, P, EV 66.2 MPH)
|
| Top of the 9th over - 0 runs, 0 hits, 0 errors, 1 left on base; Syracuse 3 - Lehigh Valley 0 |
| BOTTOM OF THE 9TH |
|
Lehigh Valley IronPigs batting - Pitching for Syracuse Chiefs : RHP Aaron McKinney
|
|
Pitching: RHP Travis Hardin
|
|
|
Batting: LHB Tom Edwards
|
0-0: Foul Ball, location: 2F 0-1: Ball 1-1: Foul Ball, location: 2F 1-2: Ball 2-2: Foul Ball, location: 2F 2-2: Strikes out looking
|
|
Batting: LHB Pat Shaddock
|
0-0: Foul Ball, location: 2F 0-1: Ball 1-1: Ball 2-1: Ball 3-1: Base on Balls
|
|
Batting: LHB Chris Moody
|
0-0: SINGLE (Line Drive, 56, EV 100.0 MPH) Pat Shaddock to second
|
|
Pinch Hitting: LHB Theodore Conboy
|
0-0: Called Strike 0-1: Ball 1-1: Called Strike 1-2: Strikes out swinging
|
|
Batting: RHB Melchor Sovrivilla
|
0-0: Ball 1-0: Swinging Strike 1-1: Foul Ball, location: 2F 1-2: Strikes out swinging
|
| Bottom of the 9th over - 0 runs, 1 hit, 0 errors, 2 left on base; Syracuse 3 - Lehigh Valley 0 |
|